 Dungeon Crawl Stone Soup version 0.27.1-33-g824d729ab1 (webtiles) character file.

Game seed: 16282448993406783917

175 Atelerd the Sneak (level 5, -10/46 HPs)
             Began as an Octopode Earth Elementalist on Dec 30, 2021.
             Mangled by Sigmund (12 damage)
             ... on level 3 of the Dungeon.
             The game lasted 00:01:54 (2632 turns).

Atelerd the Sneak (Octopode Earth Elementalist)     Turns: 2632, Time: 00:01:55

Health: -10/46     AC:  3    Str:  8    XL:     5   Next: 55%
Magic:  2/9        EV: 13    Int: 18    God:
Gold:   92         SH:  0    Dex: 12    Spells: 5/10 levels left

rFire    . . .     SeeInvis .   i - +1 dagger (protect)
rCold    . . .     Faith    .   (no shield)
rNeg     . . .     Spirit   .   g - +2 hat
rPois    .         Reflect  .   (no amulet)
rElec    .         Harm     .   (no ring)
rCorr    .         Rampage  .   (no ring)
Will     .....                  (no ring)
Stlth    ..........             (no ring)
HPRegen  0.15/turn              (no ring)
MPRegen  0.11/turn              (no ring)
                                (no ring)
                                (no ring)

@: confused, berserking (expiring), very quick
A: almost no armour, amphibious, 8 rings, camouflage 1, gelatinous body 1,
(nimble swimmer 1), tentacles
a: no special abilities


You were on level 3 of the Dungeon.
You visited 1 branch of the dungeon, and saw 3 of its levels.

You collected 92 gold pieces.

Inventory:

Hand Weapons
 d - a +0 dagger
 i - a +1 dagger of protection (weapon)
Missiles
 b - 10 stones
Armour
 g - a +2 hat (worn)
Scrolls
 a - a scroll of holy word {unknown}
 f - a scroll of enchant weapon {unknown}
Potions
 c - a potion of heal wounds {unknown}
 h - a potion of might {unknown}


   Skills:
 - Level 2.0 Dodging
 + Level 4.6 Stealth
 + Level 3.1 Spellcasting
 + Level 2.6 Transmutations
 + Level 3.9 Earth Magic


You had 5 spell levels left.
You knew the following spells:

 Your Spells              Type           Power      Damage    Failure   Level
a - Sandblast             Erth           34%        2d9       3%          1
b - Petrify               Tmut/Erth      14%        N/A       38%         4

Your spell library contained the following spells:

 Spells                   Type           Power      Damage    Failure   Level
 Passwall                 Tmut/Erth      11%        N/A       6%          2
 Stone Arrow              Conj/Erth      18%        3d8       22%         3


Dungeon Overview and Level Annotations

Branches:
Dungeon (3/15)

Altars:

Annotations:
D:3 1 runed translucent door, Crazy Yiuf, Sigmund


Innate Abilities, Weirdness & Mutations

You cannot wear most types of armour.
You are amphibious.
You can wear up to eight rings at the same time.
Your skin changes colour to match your surroundings (Stealth+).
Your rubbery body absorbs attacks. (AC +1, EV +1)
((You are camouflaged near water. (Stealth+)))
You have tentacles for arms and can constrict up to eight enemies at once.


Message History

Sigmund is heavily wounded.
You closely miss Sigmund. You grab Sigmund.
Sigmund is heavily wounded.
You constrict Sigmund. Sigmund misses you.
Your magical contamination has completely faded away.
You hit Sigmund.
Sigmund is heavily wounded.
You constrict Sigmund. Sigmund casts a spell at you.
You are confused.
You are too confused!
You are too confused!
You are too confused!
You bump into the rock wall.
You constrict Sigmund. Sigmund barely misses you.
You hit Sigmund.
Sigmund is severely wounded.
You constrict Sigmund.
You bump into the rock wall.
You constrict Sigmund.
Sigmund hits you with a +0 scythe of distortion!
Space warps horribly around you!!
Ouch! That really hurt!
* * * LOW HITPOINT WARNING * * *
Unknown command.
You release your grip on Sigmund.
Sigmund points at you and mumbles some strange words.
The puff of flame misses you.
Unknown command.
You're too confused to cast spells.
Sorry, you're not good enough to have a special ability.
Unknown command.
Unknown command.
Unknown command.
It was a potion of berserk rage.
A red film seems to cover your vision as you go berserk!
You feel yourself moving faster!
You feel mighty! Sigmund casts a spell at you.
You are more confused.
You feel a strong urge to attack something.
Sigmund hits you from afar with a +0 scythe of distortion!
You die...

#....#...............
#....#....########...
#....#........###....
#....#..........#....
.#+#....#..........#....
#.......#....##....#....
#$......[..........#....
#........@.).......#....
#......@.###)......###..
####.....# #.......# #..
.........# #.......# #..
.........# #.#.....+ +..
......#### #.#.....#
.?.... #+#.#.... ......
..#.. ...... . #.. ....


You could see Sigmund.

Vanquished Creatures
  Jessica (D:3)
  Natasha (twice) (D:2)
  5 adders
  A worm (D:2)
  An orc (D:3)
  6 ball pythons
  5 bats
  10 endoplasms
  2 goblins (D:1)
  3 hobgoblins
  4 jackals (D:2)
  2 kobolds
  3 quokkas
  4 rats
49 creatures vanquished.

Notes
Turn   | Place    | Note
-------+----------+-------------------------------------------
     0 | D:1      | Atelerd the Octopode Earth Elementalist began the quest for
                  | the Orb.
     0 | D:1      | Reached XP level 1. HP: 11/11 MP: 3/3
   172 | D:1      | Reached skill level 3 in Stealth
   172 | D:1      | Reached XP level 2. HP: 12/17 MP: 1/5
   606 | D:1      | Found a faded altar of an unknown god.
   960 | D:2      | Reached XP level 3. HP: 21/21 MP: 3/6
  1567 | D:2      | Reached XP level 4. HP: 13/27 MP: 1/7
  1910 | D:2      | Reached skill level 4 in Stealth
  1926 | D:2      | Noticed Natasha
  1932 | D:2      | Killed Natasha
  2118 | D:2      | Noticed Natasha
  2131 | D:2      | Killed Natasha
  2132 | D:2      | Reached XP level 5. HP: 27/31 MP: 4/9
  2286 | D:3      | Found a runed translucent door.
  2287 | D:3      | Noticed Crazy Yiuf
  2324 | D:3      | Noticed Jessica
  2342 | D:3      | Killed Jessica
  2604 | D:3      | Noticed Sigmund
  2617 | D:3      | Learned a level 4 spell: Petrify
  2628 | D:3      | HP: 1/31 [Sigmund (20)]
  2632 | D:3      | Mangled by Sigmund

Illustrated notes

Levels and vault maps discovered:
D:1:      beargit_arrival_diablo_church, layout_basic,
          dreamdust_ecumenical_altar_statues
D:2:      layout_rooms, serial_glass, glass_columns_a, glass_columns_c,
          uniq_natasha
D:3:      layout_basic, grunt_temple_overflow_gold_and_silver,
          gammafunk_temple_overflow_elements, ebering_ghost_sewer_d,
          uniq_jessica, uniq_sigmund, uniq_crazy_yiuf_cottage

Skill      XL: |  1  2  3  4  5 |
---------------+----------------+-----
Stealth        | 3 4 |  4.6
Transmutations | 2 |  2.6
Spellcasting   | 3 |  3.1
Dodging        | |  2.0
Earth Magic    | |  3.9

Action                   |  1- 3 |  4- 6 || total
-------------------------+-------+-------++-------
Melee: Constrict         |     3 |     7 ||    10
       Unarmed           |     1 |       ||     1
       Dagger            |    10 |    25 ||    35
       Tentacles         |       |     5 ||     5
 Cast: Sandblast         |    41 |    39 ||    80
  Use: Potion            |       |     1 ||     1
 Stab: Sleeping          |     1 |     1 ||     2
Armor: Skin              |     2 |    15 ||    17
Dodge: Dodged            |    15 |    28 ||    43
